AAA EAST
COLUMBUS CLIPPERS @ LEHIGH VALLEY IRONPIGS
05/23/2042
 
TOP OF THE 1ST
Columbus Clippers batting - Pitching for Lehigh Valley IronPigs : RHP Jerry Parker
Pitching: RHP Jerry Parker
Batting: RHB Orlando Cortéz 0-0: Ball
1-0: Foul Ball, location: 9LDF
1-1: Ball
2-1: Foul Ball, location: 2F
2-2: Ground out 6-3 (Groundball, 56, EV 89.4 MPH)
Batting: RHB Tony Ávila 0-0: Called Strike
0-1: Ground out 6-3 (Groundball, 6, EV 106.3 MPH)
Batting: LHB Greg Curry 0-0: Swinging Strike
0-1: Fly out, F4 (Popup, 34S, EV 85.0 MPH)
Top of the 1st over - 0 runs, 0 hits, 0 errors, 0 left on base; Columbus 0 - Lehigh Valley 0
BOTTOM OF THE 1ST
Lehigh Valley IronPigs batting - Pitching for Columbus Clippers : RHP José Ayala
Pitching: RHP José Ayala
Batting: RHB José López 0-0: Ball
1-0: Ball
2-0: Ground out 5-3 (Groundball, 56, EV 93.1 MPH)
Batting: LHB Pepe González 0-0: Ball
1-0: Called Strike
1-1: SINGLE (Groundball, 56S, EV 68.1 MPH) (infield hit)
Batting: LHB José Velasco 0-0: Ball
Pepe González is caught stealing 2nd base 2-6
1-0: Ball
2-0: Ball
3-0: Base on Balls
Batting: LHB Tim McCall 0-0: Ball
1-0: Ball
José Velasco is caught stealing 2nd base 2-6
Bottom of the 1st over - 0 runs, 1 hit, 0 errors, 0 left on base; Columbus 0 - Lehigh Valley 0
TOP OF THE 2ND
Columbus Clippers batting - Pitching for Lehigh Valley IronPigs : RHP Jerry Parker
Batting: LHB Taizo Iida 0-0: Called Strike
0-1: Ground out 6-3 (Groundball, 56, EV 88.1 MPH)
Batting: LHB Mike Hatfield 0-0: Foul Ball, location: 7LSF
0-1: Foul Ball, location: 2F
0-2: Ball
1-2: Strikes out swinging
Batting: LHB Stan Walton 0-0: Ball
1-0: Foul Ball, location: 2F
1-1: Foul Ball, location: 5DF
1-2: Foul Ball, location: 23F
1-2: Foul Ball, location: 7LMFF
1-2: Ball
2-2: Foul Ball, location: 7LMFF
2-2: Strikes out swinging
Top of the 2nd over - 0 runs, 0 hits, 0 errors, 0 left on base; Columbus 0 - Lehigh Valley 0
BOTTOM OF THE 2ND
Lehigh Valley IronPigs batting - Pitching for Columbus Clippers : RHP José Ayala
Batting: LHB Tim McCall 0-0: Foul Ball, location: 7LSFF
0-1: Ball
1-1: Ball
2-1: Foul Ball, location: 2F
2-2: Ball
3-2: Base on Balls
Batting: LHB Noel Sullivan 0-0: Ball
1-0: Foul Ball, location: 7LMF
1-1: Called Strike
1-2: SINGLE (Line Drive, 78M, EV 106.3 MPH)
Tim McCall to second
Batting: LHB Tim Thomas 0-0: Ball
1-0: TRIPLE (Groundball, 3L, EV 94.4 MPH)
Tim McCall scores
Noel Sullivan scores
Batting: RHB Kawsen Al-Sadat 0-0: Swinging Strike
0-1: Ball
1-1: Ball
2-1: Foul Ball, location: 5FF
2-2: Ball
3-2: Strikes out swinging
Batting: SHB Phil Wagner 0-0: Ball
1-0: Ball
2-0: Ball
3-0: Called Strike
3-1: Base on Balls
Batting: RHB José Valdéz 0-0: Grounds into double play, 6-4-3 (Groundball, 6, EV 79.4 MPH)
Bottom of the 2nd over - 2 runs, 2 hits, 0 errors, 1 left on base; Columbus 0 - Lehigh Valley 2
TOP OF THE 3RD
Columbus Clippers batting - Pitching for Lehigh Valley IronPigs : RHP Jerry Parker
Batting: RHB Leith Corkum 0-0: Foul Ball, location: 2F
0-1: Ball
1-1: Ball
2-1: Ground out U3 (Groundball, 34S, EV 87.5 MPH)
Batting: LHB Aurelio Archuleta 0-0: Ball
1-0: Foul Ball, location: 7LDF
1-1: Foul Ball, location: 5SF
1-2: Foul Ball, location: 3DF
1-2: Ball
2-2: Strikes out swinging
Batting: RHB Rodrigo Ojeda 0-0: Ball
1-0: Ball
2-0: Ground out 5-3 (Groundball, 56S, EV 68.8 MPH)
Top of the 3rd over - 0 runs, 0 hits, 0 errors, 0 left on base; Columbus 0 - Lehigh Valley 2
BOTTOM OF THE 3RD
Lehigh Valley IronPigs batting - Pitching for Columbus Clippers : RHP José Ayala
Batting: RHB José López 0-0: Ball
1-0: Called Strike
1-1: Ball
2-1: Swinging Strike
2-2: Ball
3-2: Foul Ball, location: 25FF
3-2: Fly out, F8 (Flyball, 8RS, EV 91.9 MPH)
Batting: LHB Pepe González 0-0: Ball
1-0: Ball
2-0: Ground out 6-3 (Groundball, 6, EV 105.0 MPH)
Batting: LHB José Velasco 0-0: Called Strike
0-1: Ball
1-1: Called Strike
1-2: Strikes out looking
Bottom of the 3rd over - 0 runs, 0 hits, 0 errors, 0 left on base; Columbus 0 - Lehigh Valley 2
TOP OF THE 4TH
Columbus Clippers batting - Pitching for Lehigh Valley IronPigs : RHP Jerry Parker
Batting: RHB Orlando Cortéz 0-0: Fly out, F6 (Popup, 6M, EV 56.3 MPH)
Batting: RHB Tony Ávila 0-0: Ball
1-0: Ball
2-0: Bunt for hit to 13 - play at first, batter safe!
Batting: LHB Greg Curry 0-0: Ball
1-0: Ball
2-0: Called Strike
2-1: Fly out, F7 (Flyball, 78S, EV 88.8 MPH)
Batting: LHB Taizo Iida 0-0: Called Strike
Tony Ávila steals 2nd base
0-1: Ball
1-1: Called Strike
1-2: Ball
2-2: Foul Ball, location: 5SF
2-2: Ball
3-2: Ground out U3 (Groundball, 3, EV 104.4 MPH)
Top of the 4th over - 0 runs, 1 hit, 0 errors, 1 left on base; Columbus 0 - Lehigh Valley 2
BOTTOM OF THE 4TH
Lehigh Valley IronPigs batting - Pitching for Columbus Clippers : RHP José Ayala
Batting: LHB Tim McCall 0-0: DOUBLE (Flyball, 9LD, EV 95.0 MPH)
Batting: LHB Noel Sullivan 0-0: SINGLE (Groundball, 4MD, EV 105.0 MPH)
Tim McCall to third
Runner from 3rd tries for Home, throw by CF and OUT! 8-2
Batting: LHB Tim Thomas 0-0: Ball
1-0: Ball
2-0: Called Strike
2-1: Ball
3-1: Called Strike
3-2: Base on Balls
Noel Sullivan to second
Batting: RHB Kawsen Al-Sadat 0-0: Called Strike
Noel Sullivan steals 3rd base
0-1: Foul Ball, location: 2F
0-2: Ball
1-2: Ball
2-2: Ball
3-2: Strikes out swinging
Batting: SHB Phil Wagner 0-0: Ball
1-0: SINGLE (Groundball, 34D, EV 95.0 MPH)
Noel Sullivan scores
Tim Thomas to second
Runner from 2nd tries for 3rd, OUT! 9-5
Bottom of the 4th over - 1 run, 3 hits, 0 errors, 1 left on base; Columbus 0 - Lehigh Valley 3
TOP OF THE 5TH
Columbus Clippers batting - Pitching for Lehigh Valley IronPigs : RHP Jerry Parker
Batting: LHB Mike Hatfield 0-0: Called Strike
0-1: Ball
1-1: Swinging Strike
1-2: Ball
2-2: Foul Ball, location: 5FF
2-2: Strikes out swinging
Batting: LHB Stan Walton 0-0: Ball
1-0: Reached on error, E6 (Groundball, 6, EV 82.5 MPH)
Batting: RHB Leith Corkum 0-0: Ball
1-0: Ground out U3 (Groundball, 3S, EV 69.4 MPH)
Stan Walton to second
Batting: LHB Aurelio Archuleta 0-0: Called Strike
0-1: Ball
1-1: Ball
2-1: Foul Ball, location: 2F
2-2: Strikes out swinging
Top of the 5th over - 0 runs, 0 hits, 1 error, 1 left on base; Columbus 0 - Lehigh Valley 3
BOTTOM OF THE 5TH
Lehigh Valley IronPigs batting - Pitching for Columbus Clippers : RHP José Ayala
Batting: RHB José Valdéz 0-0: Foul Ball, location: 2F
0-1: Ball
1-1: Ball
2-1: Fly out, F8 (Flyball, 8RD, EV 86.9 MPH)
Batting: RHB José López 0-0: Foul Ball, location: 3SF
0-1: Swinging Strike
0-2: Strikes out looking
Batting: LHB Pepe González 0-0: Called Strike
0-1: Called Strike
0-2: Ball
1-2: Strikes out looking
Bottom of the 5th over - 0 runs, 0 hits, 0 errors, 0 left on base; Columbus 0 - Lehigh Valley 3
TOP OF THE 6TH
Columbus Clippers batting - Pitching for Lehigh Valley IronPigs : RHP Jerry Parker
Batting: RHB Rodrigo Ojeda 0-0: Called Strike
0-1: Called Strike
0-2: Foul Ball, location: 2F
0-2: TRIPLE (Flyball, 89XD, EV 96.3 MPH)
Batting: RHB Orlando Cortéz 0-0: Called Strike
0-1: Called Strike
0-2: Ball
1-2: Ball
2-2: Foul Ball, location: 5DF
2-2: Ball
3-2: Strikes out swinging
Batting: RHB Tony Ávila 0-0: Ball
1-0: Ball
2-0: Ball
3-0: Called Strike
3-1: Base on Balls
Batting: LHB Greg Curry 0-0: Ball
Tony Ávila steals 2nd base
1-0: Called Strike
1-1: Ground out 4-3 (Groundball, 4, EV 108.1 MPH)
Batting: LHB Taizo Iida 0-0: Ball
1-0: Ball
2-0: Ball
3-0: Fly out, F8 (Flyball, 89M, EV 94.4 MPH)
Top of the 6th over - 0 runs, 1 hit, 0 errors, 2 left on base; Columbus 0 - Lehigh Valley 3
BOTTOM OF THE 6TH
Lehigh Valley IronPigs batting - Pitching for Columbus Clippers : RHP José Ayala
Batting: LHB José Velasco 0-0: Called Strike
0-1: Ball
1-1: Ball
2-1: Foul Ball, location: 9LSF
2-2: Foul Ball, location: 5FF
2-2: Strikes out swinging
Batting: LHB Tim McCall 0-0: Called Strike
0-1: Ball
1-1: Ball
2-1: Fly out, F8 (Flyball, 8RM, EV 99.4 MPH)
Batting: LHB Noel Sullivan 0-0: Ball
1-0: Called Strike
1-1: Foul Ball, location: 23FF
1-2: SINGLE (Line Drive, 6MD, EV 96.3 MPH)
Batting: LHB Tim Thomas 0-0: Ball
1-0: Ball
2-0: Ball
3-0: Base on Balls
Noel Sullivan to second
Batting: RHB Kawsen Al-Sadat 0-0: Called Strike
0-1: Ground out 3-1 (Groundball, 34S, EV 81.9 MPH)
Bottom of the 6th over - 0 runs, 1 hit, 0 errors, 2 left on base; Columbus 0 - Lehigh Valley 3
TOP OF THE 7TH
Columbus Clippers batting - Pitching for Lehigh Valley IronPigs : RHP Jerry Parker
Batting: LHB Mike Hatfield 0-0: Ball
1-0: Called Strike
1-1: Called Strike
1-2: Foul Ball, location: 2F
1-2: Fly out, F2 (Popup, 25F, EV 88.8 MPH)
Batting: LHB Stan Walton 0-0: Called Strike
0-1: Ball
1-1: Ball
2-1: Foul Ball, location: 2F
2-2: Ball
3-2: Base on Balls
Batting: RHB Leith Corkum 0-0: Ball
1-0: Swinging Strike
1-1: Ball
2-1: Ball
Pickoff Throw by Catcher to First - Out!
3-1: Ground out 6-3 (Groundball, 6D, EV 106.9 MPH)
Top of the 7th over - 0 runs, 0 hits, 0 errors, 0 left on base; Columbus 0 - Lehigh Valley 3
BOTTOM OF THE 7TH
Lehigh Valley IronPigs batting - Pitching for Columbus Clippers : RHP José Ayala
Pitching: LHP Tim Worley
Batting: SHB Phil Wagner 0-0: Ball
1-0: Ball
2-0: Ball
3-0: Base on Balls
Batting: RHB José Valdéz 0-0: Sac Bunt to 3S - play at first, batter OUT! 3-4
Phil Wagner to second
Batting: RHB José López 0-0: Intentional Walk
Batting: LHB Pepe González 0-0: Ball
1-0: Swinging Strike
1-1: Swinging Strike
1-2: Foul Ball, location: 25F
1-2: Ball
2-2: Strikes out swinging
Batting: RHB Rusty Miller 0-0: Ball
1-0: Foul Ball, location: 2F
1-1: Ball
2-1: Swinging Strike
2-2: Ball
3-2: Base on Balls
Phil Wagner to third
José López to second
Batting: LHB Tim McCall 0-0: Ball
1-0: Foul Ball, location: 3SF
1-1: Called Strike
1-2: Ball
2-2: Ball
3-2: DOUBLE (Groundball, 3L, EV 96.9 MPH)
Phil Wagner scores
José López scores
Rusty Miller to third
Rusty Miller scores
Pitching: LHP Jorge Rosado
Batting: LHB Noel Sullivan 0-0: Swinging Strike
0-1: Ball
1-1: Called Strike
1-2: Fly out, F6 (Popup, 6MS, EV 85.0 MPH)
Bottom of the 7th over - 3 runs, 1 hit, 0 errors, 1 left on base; Columbus 0 - Lehigh Valley 6
TOP OF THE 8TH
Columbus Clippers batting - Pitching for Lehigh Valley IronPigs : RHP Jerry Parker
Pitching: RHP Billy Turner
Batting: LHB Aurelio Archuleta 0-0: Ball
1-0: Foul Ball, location: 9LSFF
1-1: Ground out 1-6-3 (Groundball, 15S, EV 81.9 MPH)
Batting: RHB Rodrigo Ojeda 0-0: Ball
1-0: Ground out 5-3 (Groundball, 56S, EV 87.5 MPH)
Batting: RHB Orlando Cortéz 0-0: Called Strike
0-1: Called Strike
0-2: Ground out 6-3 (Groundball, 6, EV 90.0 MPH)
Top of the 8th over - 0 runs, 0 hits, 0 errors, 0 left on base; Columbus 0 - Lehigh Valley 6
BOTTOM OF THE 8TH
Lehigh Valley IronPigs batting - Pitching for Columbus Clippers : LHP Jorge Rosado
Batting: LHB Tim Thomas 0-0: Called Strike
0-1: Called Strike
0-2: Ball
1-2: Foul Ball, location: 2F
1-2: Ball
2-2: Strikes out looking
Batting: RHB Kawsen Al-Sadat 0-0: Ball
1-0: Ball
2-0: DOUBLE (Line Drive, 9LS, EV 99.4 MPH)
Batting: SHB Phil Wagner 0-0: Ground out 5-3 (Groundball, 15, EV 88.8 MPH)
Batting: RHB José Valdéz 0-0: Called Strike
0-1: Called Strike
0-2: Ground out 6-3 (Groundball, 6, EV 83.8 MPH)
Bottom of the 8th over - 0 runs, 1 hit, 0 errors, 1 left on base; Columbus 0 - Lehigh Valley 6
TOP OF THE 9TH
Columbus Clippers batting - Pitching for Lehigh Valley IronPigs : RHP Billy Turner
Batting: RHB Tony Ávila 0-0: Ball
1-0: Called Strike
1-1: Foul Ball, location: 23F
1-2: Foul Ball, location: 5FF
1-2: Foul Ball, location: 9LMF
1-2: Ball
2-2: Fly out, F7 (Flyball, 7LM, EV 105.6 MPH)
Batting: LHB Greg Curry 0-0: Ball
1-0: Called Strike
1-1: Ball
2-1: Called Strike
2-2: Foul Ball, location: 2F
2-2: Strikes out looking
Batting: LHB Taizo Iida 0-0: Swinging Strike
0-1: Called Strike
0-2: Ball
1-2: Ball
2-2: Ball
3-2: Reached on error, E5 (Groundball, 5, EV 91.9 MPH)
Batting: LHB Mike Hatfield 0-0: Foul Ball, location: 2F
0-1: Called Strike
0-2: Ball
1-2: Ball
2-2: Foul Ball, location: 2F
2-2: Foul Ball, location: 9LDF
2-2: Fly out, F8 (Line Drive, 8LM, EV 89.4 MPH)
Top of the 9th over - 0 runs, 0 hits, 1 error, 1 left on base; Columbus 0 - Lehigh Valley 6
Wednesday, May 1st , 2024 - OOTP Baseball 24.10 Build 82